Map: Bel'Shir Vestige LE (Void)

Players

Loken - Winner!

  • Race: Zerg Zerg
  • League: Platinum
  • Spawn Location: 11:00

Fimp

  • Race: Terran Terran
  • Spawn Location: 5:00

VOD

Have the link to the VOD?

Description

Time

  • Played on: April 10, 2017, 5:12 p.m.
  • Length: 11:59
Show
View Real Time Build Order
Export as new Build Order

Loken Zerg - Winner!

Build Orders: Hatch First 

Get SALT Encoding   

  12  0:01  Drone  
  13  0:09  Drone  
  14  0:17  Overlord  
  14  0:35  Drone  
  14  0:36  Drone x2  
  17  0:48  Drone  
  18  0:56  Hatchery  
  17  0:59  Drone  
  18  1:09  Drone  
  19  1:15  Spawning Pool  
  18  1:18  Drone  
  19  1:29  Extractor  
  19  1:31  Drone  
  19  1:44  Drone  
  20  2:00  Overlord  
  20  2:05  Queen  
  20  2:08  Queen  
  24  2:17  Drone x3, Extractor  
  26  2:33  Metabolic Boost  
  26  2:35  Zergling x2  
  26  2:36  Zergling x6  
  30  2:40  Drone  
  31  2:50  Zergling x2  
  32  3:07  Drone  
  32  3:08  Drone x3  
  36  3:18  Overlord  
  36  3:19  Overlord x2  
  36  3:22  Hatchery  
  36  3:24  Lair  
  35  3:28  Drone  
  36  3:36  Evolution Chamber  
  36  3:38  Evolution Chamber  
  34  3:42  Drone x3  
  34  3:44  Drone x2  
  39  3:50  Spore Crawler  
  38  3:56  Spore Crawler  
  38  3:57  Drone  
  38  3:58  Drone x2  
  40  4:06  Zerg Melee Weapons Level 1  
  40  4:09  Zergling x4  
  42  4:30  Zerg Ground Armor Level 1  
  42  4:36  Drone  
  42  4:37  Drone x6  
  49  4:41  Extractor  
  49  4:42  Extractor  
  47  4:46  Queen  
  47  4:47  Queen  
  51  4:58  Infestation Pit  
  50  5:02  Drone  
  50  5:03  Drone x5  
  56  5:13  Zergling x10  
  60  5:52  Hive  
  60  5:54  Queen  
  62  6:01  Drone  
  62  6:02  Drone x3  
  62  6:03  Overlord  
  62  6:04  Overlord x4  
  66  6:05  Overlord  
  66  6:13  Pneumatized Carapace  
  66  6:32  Zerg Melee Weapons Level 2  
  66  6:33  Zerg Ground Armor Level 2  
  66  6:40  Hatchery  
  66  6:43  Hatchery  
  64  6:50  Zergling x14  
  64  6:51  Zergling x6  
  74  7:02  Spire  
  74  7:06  Zergling x2  
  74  7:07  Zergling x10  
  75  7:29  Overseer  
  70  7:32  Zergling x14  
  70  7:33  Zergling x6  
  79  8:03  Zergling x2  
  79  8:04  Zergling x20  
  90  8:17  Queen  
  92  8:22  Drone  
  92  8:23  Drone x10  
  103  8:52  Mutalisk x11  
  108  9:20  Mutalisk x8  
  108  9:21  Mutalisk  
  108  9:22  Overlord  
  108  9:23  Overlord  
  126  9:27  Extractor  
  126  9:28  Extractor  
  120  9:54  Adrenal Glands  
  76  10:34  Zergling x2  
  76  10:35  Zergling x58  
  100  10:36  Zergling x16  
  114  11:20  Overlord x6  
  114  11:29  Hatchery  
Show
View Real Time Build Order
Export as new Build Order

Fimp Terran 

Build Orders: Reaper Expand 

Get SALT Encoding   

  12  0:01  SCV  
  13  0:13  SCV  
  14  0:18  Supply Depot  
  14  0:25  SCV  
  15  0:40  SCV, Barracks  
  16  0:52  SCV  
  16  0:53  Refinery  
  17  1:04  SCV  
  18  1:16  SCV  
  19  1:31  Command Center  
  19  1:36  Orbital Command  
  19  1:40  Reaper  
  20  1:52  Supply Depot  
  20  2:02  SCV  
  21  2:12  Barracks  
  21  2:16  Factory  
  21  2:20  Marine  
  22  2:25  Refinery  
  22  2:37  SCV  
  22  2:41  Barracks Reactor  
  23  3:04  Barracks Tech Lab  
  23  3:10  Starport, SCV  
  23  3:17  Marine x2  
  25  3:22  Orbital Command  
  25  3:24  SCV  
  26  3:29  Bunker  
  26  3:32  Widow Mine  
  26  3:33  Marine  
  29  3:42  Marine x2  
  29  3:43  SCV  
  29  3:47  Supply Depot  
  32  3:50  Engineering Bay, Starport Reactor  
  32  3:54  SCV  
  32  3:55  Marine  
  34  4:02  Supply Depot  
  34  4:03  SCV  
  35  4:10  Widow Mine  
  35  4:14  Marine  
  35  4:15  Marine  
  35  4:16  Marine  
  40  4:20  SCV  
  40  4:26  Supply Depot  
  40  4:35  SCV x2  
  40  4:36  Marine x3  
  45  4:48  SCV  
  45  4:49  SCV  
  45  4:50  Widow Mine  
  45  4:52  Medivac  
  51  5:04  SCV  
  51  5:05  SCV  
  51  5:06  Marine  
  51  5:07  Marine x2  
  56  5:25  Supply Depot  
  56  5:26  SCV x2  
  58  5:28  Marine  
  58  5:29  Marine x2  
  58  5:30  Widow Mine  
  58  5:31  Medivac x2  
  67  5:39  SCV  
  67  5:40  SCV  
  69  5:46  Marine x2  
  71  5:50  Barracks  
  71  5:51  SCV  
  71  5:52  SCV, Marine  
  74  6:00  Terran Infantry Weapons Level 1  
  74  6:04  Marine  
  74  6:05  Armory  
  74  6:07  Widow Mine  
  74  6:09  Marine  
  78  6:14  Supply Depot  
  78  6:35  Marine x3  
  78  6:36  Medivac x2  
  78  6:39  Supply Depot  
  85  6:46  Supply Depot  
  85  6:47  Barracks Reactor  
  85  6:58  Supply Depot  
  85  7:00  Widow Mine  
  84  7:35  Marine x3  
  84  7:36  Widow Mine  
  85  7:37  Medivac x2  
  85  7:40  Marine x2  
  91  7:49  SCV  
  91  7:50  SCV  
  93  7:53  Marine x3  
  92  7:59  Command Center  
  92  8:02  Marine x2  
  92  8:04  Stimpack  
  94  8:07  Terran Infantry Weapons Level 2  
  94  8:10  Widow Mine  
  94  8:11  Marine x2  
  98  8:14  Marine  
  98  8:18  Barracks  
  100  8:20  SCV x2, Marine  
  100  8:24  Supply Depot  
  100  8:25  Supply Depot  
  102  8:36  Marine x2  
  102  8:37  Marine x3  
  102  8:38  Medivac  
  102  8:40  Factory Reactor  
  109  8:46  Medivac  
  109  8:48  Supply Depot  
  111  8:50  Supply Depot  
  105  9:03  Marine x4  
  105  9:04  Marine  
  105  9:07  Barracks Reactor  
  110  9:11  Barracks  
  110  9:21  Marine  
  111  9:29  Marine x4  
  111  9:30  Widow Mine x2  
  119  9:31  Medivac x2  
  123  9:39  Marine  
  89  10:00  Marine x2  
  89  10:01  Marine x5  
  78  10:18  Marine x2  
  78  10:19  Marine x4  
  79  10:43  Marine x2  
  79  10:44  Widow Mine x2, Marine x5  
  79  10:47  Missile Turret  
  79  10:49  Missile Turret  
  90  10:53  Missile Turret  
  90  10:54  Medivac  
  90  10:55  Medivac  
  94  11:01  Marine x5  
  94  11:04  Supply Depot  
  99  11:06  Supply Depot  
  99  11:09  Refinery  
  99  11:12  Refinery  
  99  11:13  Supply Depot  
  99  11:18  Orbital Command  
  99  11:23  SCV  
  99  11:24  SCV  
  101  11:27  Marine x7  
  101  11:28  Widow Mine x2  
  101  11:29  Medivac  
Tags
 
Add a new tag
Caveats
  • Supply blocks, unpowered buildings, or Contaminate may cause inaccurate times.
  • Supply counts are checked every 10 seconds.